 Dungeon Crawl Stone Soup version 0.21-a0-401-g0b6bec4 (webtiles) character file.

9571 Ijustatesigmund the Covert (level 11, -4/53 HPs)
             Began as a Spriggan Warper on Oct 25, 2017.
             Was a Believer of Ashenzari.
             Slain by an orc warrior
             ... wielding a +0 war axe
              (8 damage)
             ... in a bailey.
             The game lasted 00:46:50 (15990 turns).

Ijustatesigmund the Covert (Spriggan Warper)       Turns: 15990, Time: 00:46:51

Health: -4/53      AC:  5    Str:  7    XL:     11   Next: 24%
Magic:  15/25      EV: 23    Int: 18    God:    Ashenzari [**....]
Gold:   831        SH:  7    Dex: 16    Spells: 18/28 levels left

rFire    . . .     SeeInvis +   h - +3 dagger (venom) (curse)
rCold    . . .     Gourm    .   x - +0 buckler "Heid" {MR+} (curse)
rNeg     . . .     Faith    .   b - +0 robe
rPois    .         Spirit   .   (helmet restricted)
rElec    .         Reflect  .   l - +2 cloak
rCorr    +         Harm     .   (gloves unavailable)
MR       ++...                  (boots unavailable)
Stlth    +++++.....             (no amulet)
HPRegen  0.17/turn              p - ring of wizardry (curse)
MPRegen  0.19/turn              B - ring of resist corrosion

@: very quick
A: unfitting armour, see invisible, herbivore 3, speed 3, slow metabolism 2
a: Curse Item, Scrying, Renounce Religion


You were in a bailey.
You worshipped Ashenzari.
Ashenzari was pleased with you.
You were not hungry.

You visited 2 branches of the dungeon, and saw 12 of its levels.
You also visited: Sewer and Bailey.

You collected 831 gold pieces.

Inventory:

Hand Weapons
 a - a +0 short sword
 h - a cursed +3 dagger of venom (weapon)
 K - a +2 short sword of holy wrath
Missiles
 e - 5 tomahawks of dispersal (quivered)
 H - 2 throwing nets
 J - 3 tomahawks
Armour
 b - a +0 robe (worn)
 i - a scarf of cloud immunity
 l - a +2 cloak (worn)
 x - the cursed +0 buckler "Heid" (worn) {MR+}
   (You acquired it on level 7 of the Dungeon)

   It affects your resistance to hostile enchantments.
   It has a curse placed upon it.
Jewellery
 p - a cursed ring of wizardry (left hand)
 B - a ring of resist corrosion (right hand)
 L - a +5 amulet of reflection
Wands
 j - a wand of flame (8/48)
 r - a wand of polymorph (5/24)
 s - a wand of flame (20/48)
 w - a wand of random effects (19/48)
 I - a wand of confusion (0/48)
Scrolls
 d - a scroll of blinking
 k - 4 scrolls of identify
 n - a scroll of vulnerability
 t - 4 scrolls of remove curse
 y - 2 scrolls of fog
 E - a scroll of enchant weapon
 F - a scroll of enchant armour
Potions
 g - a potion of lignification
 m - a potion of resistance
 o - a potion of brilliance
 q - a potion of flight
 D - 2 potions of ambrosia
Books
 c - a book of Spatial Translocations

   Spells                             Type                      Level
   a - Blink                          Translocation                2
   b - Shroud of Golubria             Charms/Translocation         2
   c - Lesser Beckoning               Translocation                3
   d - Gell's Gravitas                Translocation                3
   e - Teleport Other                 Translocation                3
   f - Passage of Golubria            Translocation                4
 G - a book of Debilitation

   Spells                             Type                      Level
   a - Corona                         Hexes                        1
   b - Slow                           Hexes                        2
   c - Inner Flame                    Hexes/Fire                   3
   d - Portal Projectile              Hexes/Translocation          3
   e - Cause Fear                     Hexes                        4
   f - Leda's Liquefaction            Hexes/Earth                  4
Comestibles
 f - 4 bread rations
 A - 2 fruits


   Skills:
 - Level 4.3 Fighting
 + Level 9.6(11.8) Short Blades
 - Level 1.0 Throwing
 - Level 7.9 Dodging
 - Level 12.6 Stealth
 + Level 4.7(6.1) Shields
 - Level 9.0 Spellcasting
 - Level 5.2 Charms
 - Level 7.0 Translocations


You had 18 spell levels left.
You knew the following spells:

 Your Spells              Type           Power        Failure   Level  Hunger
a - Blink                 Tloc           N/A          1%          2    None
b - Lesser Beckoning      Tloc           ####......   1%          3    None
c - Shroud of Golubria    Chrm/Tloc      ####......   1%          2    None
d - Gell's Gravitas       Tloc           ####......   1%          3    None


Dungeon Overview and Level Annotations

Branches:
Dungeon (11/15)            Temple (1/1) D:5             Orc (0/2) D:10
   Lair: D:8-11

Altars:
Ashenzari
Cheibriados
Dithmenos
Elyvilon
Fedhas
Gozag
Hepliaklqana
Kikubaaqudgha
Makhleb
Nemelex Xobeh
Okawaru
Ru
Sif Muna
Trog
Uskayaw
Vehumet
Wu Jian
Xom
Yredelemnul
Zin
The Shining One

Shops:
D:6 (

Portals:
Trove: D:10 (give +5 demon blade)

Annotations:
D:4 exclusion: oklob plant Bailey Spoonicorn's ghost, journeyman MiBe


Innate Abilities, Weirdness & Mutations

You are very small and have problems with some larger weapons.
You are too small for most types of armour.
You have supernaturally acute eyesight. (SInv)
You are a herbivore.
You cover ground extremely quickly.
You need consume almost no food.


Message History

a +0 war axe; an uncursed ring mail; 3 tomahawks of returning; an orc corpse You kill the gnoll!
Found a sack of spiders.
Things that are here:
4 tomahawks of returning; a kobold corpse
Found 19 sling bullets.
There is an open door here.
There is an open door here.
You see here 19 sling bullets.
You start resting.
Casting: Blink
Confirm with . or Enter, or press ? or * to list all spells.
You blink.
The kobold shouts!
You hear a shout!
You block the kobold's attack. You block the orc warrior's attack.
You hear a shout!
The orc warrior misses you. The kobold completely misses you.
The orc warrior hits you with a war axe!
You die...

###..###..{#.#
###########†############
##...{)..).)†...(((......
#..(....#########....g(..
##..######.......##'#.....
###*##...#§#..#...}...#..#...g⌠
≈≈≈≈#....#'#..# .....,#..###o..
≈≈≈≈≈≈≈..#.oKo####'####..'§#K..
≈≈≈≈≈≈≈≈!###..@....()..o.###...
##≈≈≈≈≈≈≈{{#..####'####(.#.....
####≈≈≈≈≈≈####.......####..≈≈≈
####≈≈≈≈≈K#.......#K≈≈≈≈≈≈≈
###≈≈≈≈#########≈≈≈≈≈...
###≈≈≈≈≈≈≈≈≈≈≈≈≈.(....
###≈≈≈≈≈≈≈≈(.....(..
##.........=...###
##..∩..(...####


You could see 2 orc warriors and a kobold.

Vanquished Creatures
  Erica (D:8)
  2 two-headed ogres
  Pikel (D:3)
  An orc knight (Bailey)
  An ugly thing (D:11)
  A troll (D:10)
  A hippogriff (D:9)
  A wyvern (D:8)
  Menkaure (D:4)
  2 water moccasins
  A black bear (D:7)
  2 sky beasts
  A hornet zombie (D:10)
  A necrophage (D:7)
  10 orc warriors
  3 ice beasts
  3 slaves (D:4)
  8 ogres
  4 centaurs
  2 big kobolds (D:10)
  The ghost of anet the Conjurer, an amateur DEWz (D:4)
  5 bullfrogs
  4 gnoll sergeants
  3 scorpions
  3 killer bees (D:8)
  2 wights (D:7)
  6 howler monkeys
  3 vampire bats (D:8)
  3 crimson imps
  2 centaur zombies
  3 hounds
  3 orc priests
  Crazy Yiuf (D:2)
  A centaur skeleton (D:5)
  A jelly (D:9)
  4 orc wizards
  Jessica (D:3)
  An iguana (D:9)
  8 worker ants
  A killer bee zombie (D:8)
  A hound zombie (D:7)
  A worker ant zombie (D:9)
  18 gnolls
  10 adders
  A shadow imp (D:5)
  4 oozes (Sewer)
  5 adder skeletons
  4 worms
  14 leopard geckos
  28 orcs
  3 bat skeletons (D:8)
  2 bat zombies (D:8)
  13 giant cockroaches
  4 goblins
  10 hobgoblins
  5 jackals
  16 kobolds
  2 quokkas
  6 ball pythons
  9 bats
  21 frilled lizards
  7 rats
  2 butterflies (D:7)
289 creatures vanquished.

Vanquished Creatures (others)
  A slave (D:4)
  A kobold (Bailey)
2 creatures vanquished.

Grand Total: 291 creatures vanquished

Notes
Turn   | Place    | Note
-------+----------+-------------------------------------------
     0 | D:1      | Ijustatesigmund the Spriggan Warper began the quest for the Orb.
     0 | D:1      | Reached XP level 1. HP: 10/10 MP: 5/5
   211 | D:1      | Reached XP level 2. HP: 11/14 MP: 6/6
   215 | D:1      | Learned a level 2 spell: Blink
  1268 | D:2      | Reached XP level 3. HP: 15/18 MP: 8/8
  1752 | D:2      | Reached skill level 5 in Dodging
  2412 | D:2      | Found a runed door.
  2419 | D:2      | Noticed Crazy Yiuf
  2442 | D:2      | Killed Crazy Yiuf
  2442 | D:2      | Reached XP level 4. HP: 22/22 MP: 9/9
  2475 | D:2      | Found a burning altar of Makhleb.
  2744 | D:3      | Reached skill level 1 in Stealth
  2993 | D:3      | Noticed Jessica
  3002 | D:3      | Killed Jessica
  3002 | D:3      | Reached skill level 2 in Stealth
  3002 | D:3      | Reached XP level 5. HP: 19/25 MP: 10/10
  3428 | D:3      | Found a glowing drain.
  3445 | Sewer    | Entered a sewer
  3464 | Sewer    | Reached skill level 3 in Stealth
  4190 | Sewer    | Reached skill level 4 in Stealth
  4293 | Sewer    | Reached XP level 6. HP: 27/30 MP: 11/11
  4300 | Sewer    | Reached skill level 5 in Stealth
  4657 | D:4      | Noticed a slave
  4657 | D:4      | Noticed a slave
  4657 | D:4      | Noticed a slave
  4658 | D:4      | Noticed Pikel
  4659 | D:4      | Noticed a slave
  4672 | D:4      | Killed a slave
  4682 | D:4      | Killed a slave
  4694 | D:4      | Killed a slave
  5014 | D:3      | Killed Pikel
  5014 | D:3      | Reached skill level 10 in Stealth
  5014 | D:3      | Reached XP level 7. HP: 17/33 MP: 12/12
  5254 | D:4      | Noticed anet's ghost (amateur DEWz)
  5256 | D:4      | Noticed Menkaure
  5336 | D:4      | Found a snail-covered altar of Cheibriados.
  5343 | D:4      | Reached XP level 8. HP: 39/39 MP: 13/13
  5344 | D:4      | Found a shadowy altar of Dithmenos.
  5384 | D:4      | Found a hazy altar of Hepliaklqana.
  5520 | D:4      | Killed anet's ghost
  5773 | D:4      | Killed Menkaure
  6005 | D:4      | Found a blossoming altar of Fedhas.
  6019 | D:4      | Noticed an oklob plant
  6105 | D:5      | Entered Level 5 of the Dungeon
  6212 | D:5      | Reached skill level 5 in Short Blades
  6443 | D:6      | Found a radiant altar of Vehumet.
  6443 | D:6      | Found a bloodstained altar of Trog.
  6480 | D:5      | Found a staircase to the Ecumenical Temple.
  6492 | Temple   | Entered the Ecumenical Temple
  6516 | Temple   | Became a worshipper of Ashenzari the Shackled
  6584 | D:5      | Reached skill level 5 in Spellcasting
  7570 | D:6      | Found Kianlani's Weapon Emporium.
  7753 | D:7      | Reached XP level 9. HP: 20/45 MP: 18/18
  8595 | D:7      | Found a sacrificial altar of Ru.
  8597 | D:7      | Reached * piety under Ashenzari
  8612 | D:7      | Found a shimmering altar of Xom.
  9004 | D:7      | Reached skill level 11 in Stealth
  9022 | D:7      | Learned a level 3 spell: Lesser Beckoning
  9703 | D:8      | Noticed a two-headed ogre
  9805 | D:7      | Killed a two-headed ogre
  9805 | D:7      | Reached skill level 12 in Stealth
  9809 | D:7      | Learned a level 2 spell: Shroud of Golubria
  9813 | D:7      | Learned a level 3 spell: Gell's Gravitas
  9902 | D:7      | Identified a scroll of acquirement
  9905 | D:7      | Got the cursed buckler "Heid" {MR+}
  9911 | D:7      | Identified the cursed +0 buckler "Heid" {MR+} (You acquired it on level 7 of the Dungeon)
 10140 | D:8      | Reached XP level 10. HP: 31/50 MP: 24/24
 10155 | D:7      | Reached skill level 1 in Charms
 10319 | D:8      | Noticed Erica
 10353 | D:8      | Killed Erica
 10353 | D:8      | Reached skill level 1 in Shields
 10353 | D:8      | Reached skill level 5 in Translocations
 11213 | D:8      | Found an ancient bone altar of Kikubaaqudgha.
 11308 | D:9      | Noticed a two-headed ogre
 11390 | D:9      | Killed a two-headed ogre
 12172 | D:8      | Reached skill level 5 in Charms
 12211 | D:9      | Identified the cursed +1 long sword "Tuogguv" {flame, rPois Int+4 Dex-5}
 12255 | D:9      | Found a hide-covered altar of Uskayaw.
 12532 | D:9      | Reached ** piety under Ashenzari
 12651 | D:10     | Entered Level 10 of the Dungeon
 13191 | D:10     | Found a staircase to the Orcish Mines.
 13989 | D:10     | Reached XP level 11. HP: 50/53 MP: 25/25
 14252 | D:10     | Found a portal to a secret trove of treasure.
 15123 | D:11     | Noticed a green ugly thing
 15141 | D:11     | Noticed an unseen horror
 15207 | D:11     | Noticed a cyan ugly thing
 15210 | D:11     | Killed a cyan ugly thing
 15240 | D:11     | Found a flagged portal.
 15247 | Bailey   | Entered a bailey
 15557 | Bailey   | Noticed Spoonicorn's ghost (journeyman MiBe)
 15586 | Bailey   | Noticed an orc knight
 15778 | Bailey   | Killed an orc knight
 15967 | Bailey   | HP: 2/53 [orc warrior/war axe (15)]
 15990 | Bailey   | Slain by an orc warrior

Vault maps used:
D:1:      saegor_arrival_simple_e, feat_on_display
D:2:      lemuel_round_altar, uniq_crazy_yiuf_cottage
D:3:      gup_sewer_entry_pipe, uniq_jessica
D:4:      tgw_fedhas, lemuel_crystal_altar,
          chequers_temple_overflow_statue_of_worship, first_bread,
          uniq_menkaure, uniq_pikel
D:5:      minmay_temple_entry_glassed_door
D:6:      bloody_trog, vehumet_altar_wand_db, serial_shops,
          kennysheep_little_box
D:7:      xom_butterflies, lemuel_round_altar
D:8:      kennysheep_vampire_church, uniq_erica
D:9:      basic_altar
D:10:     kennysheep_orc_monster_closet_entryway, nicolae_trove_entry_crossroad
D:11:     grunt_lair_entry_orc_guard_hut, serial_shops, shop, enter_bailey_2,
          david_nohive_1, led_sif_book
Temple:   minmay_temple_bridge_abc
Sewer:    sewer_frog_island_02
Bailey:   bailey_axe_4, bailey

Skill      XL: |  1  2  3  4  5  6  7  8  9 10 11 |
---------------+----------------------------------+-----
Dodging        | 4 5 6 7 |  7.9
Short Blades   | 3 4 6 8 9 |  9.6
Stealth        | 2 4 10 12 | 12.6
Spellcasting   | 3 5 9 |  9.0
Fighting       | 2 4 |  4.3
Charms         | 5 |  5.2
Shields        | 3 4 |  4.7
Translocations | 7 |  7.0
Throwing       | |  1.0

Action                   |  1- 3 |  4- 6 |  7- 9 | 10-12 || total
-------------------------+-------+-------+-------+-------++-------
Melee: Short sword       |    65 |       |       |       ||    65
       Dagger            |    67 |   311 |   495 |   692 ||  1565
 Cast: Blink             |       |       |     2 |    10 ||    12
       Gell's Gravitas   |       |       |       |     6 ||     6
       Shroud of Golubri |       |       |       |     3 ||     3
Invok: Curse Item        |       |       |     1 |     1 ||     2
Evoke: Wand              |       |       |     6 |    12 ||    18
  Use: Scroll            |       |     8 |     6 |    10 ||    24
       Potion            |       |       |     1 |    10 ||    11
 Stab: Sleeping          |     1 |     6 |    24 |     3 ||    34
       Distracted        |       |       |     1 |     2 ||     3
       Confused          |       |       |       |     1 ||     1
       Invisible         |       |       |       |     2 ||     2
  Eat: Fruit             |       |     2 |     3 |     2 ||     7
       Royal jelly       |       |       |     1 |       ||     1
       Bread ration      |       |       |     1 |       ||     1
Armor: Robe              |     8 |    24 |    23 |    42 ||    97
Dodge: Dodged            |   119 |   245 |   318 |   486 ||  1168
Block: Buckler           |       |       |     4 |   202 ||   206

Table legend:
 A = Spawn XP
 B = Non-spawn XP
 C = Spawn XP percentage of total XP
 D = Spawn monster count
 E = Non-spawn monster count
 F = Spawn count percentage of total count
 G = Total turns spent on level
                    A         B        C        D         E        F      G
               +---------+---------+-------+---------+---------+-------+---------
         Total |       0 |   13674 |   0.0 |       0 |     284 |   0.0 | 15990
               +---------+---------+-------+---------+---------+-------+---------
           D:1 |       0 |      31 |   0.0 |       0 |      20 |   0.0 |  1146
           D:2 |       0 |     111 |   0.0 |       0 |      23 |   0.0 |  1531
           D:3 |       0 |     735 |   0.0 |       0 |      27 |   0.0 |  1374
           D:4 |       0 |     449 |   0.0 |       0 |      14 |   0.0 |  1068
           D:5 |       0 |     663 |   0.0 |       0 |      14 |   0.0 |  1222
           D:6 |       0 |     811 |   0.0 |       0 |      22 |   0.0 |  1141
           D:7 |       0 |    2520 |   0.0 |       0 |      35 |   0.0 |  1965
           D:8 |       0 |    1991 |   0.0 |       0 |      30 |   0.0 |  1492
           D:9 |       0 |    1417 |   0.0 |       0 |      10 |   0.0 |   680
          D:10 |       0 |    2916 |   0.0 |       0 |      31 |   0.0 |  2451
          D:11 |       0 |     728 |   0.0 |       0 |       5 |   0.0 |   145
         Sewer |       0 |     293 |   0.0 |       0 |      36 |   0.0 |   986
        Bailey |       0 |    1009 |   0.0 |       0 |      17 |   0.0 |   743
               +---------+---------+-------+---------+---------+-------+---------
